[Event "21st Dubai Open 2019"]
[Site "Dubai"]
[Date "2019.04.07"]
[Round "7.37"]
[White "Sultan, Ibrahim"]
[Black "Ravi, Thandalam Shanmugam"]
[Result "1/2-1/2"]
[ECO "E04"]
[WhiteElo "2121"]
[BlackElo "2276"]
[Annotator "NA"]
[PlyCount "114"]
[EventDate "2019.04.01"]
[EventType "swiss"]
[EventCountry "UAE"]
[SourceTitle "playchess.com"]
[Source "ChessBase"]
[SourceQuality "1"]
[TimeControl "5400+30"]

1. d4 Nf6 2. c4 e6 3. Nf3 d5 4. g3 dxc4 5. Bg2 Nc6 6. O-O Rb8 7. e3 b5 8. Qe2 {[%emt 0:01:07] E04: Open Catalan: 5 Nf3} Be7 9. b3 cxb3 10. axb3 a6 11. Bd2 O-O 12. Rc1 Bb7 13. Ne1 Nb4 (13... Nd5 14. Nd3 Qd7 15. Nc3 {1-0 (24) So,W (2780)-Wei,Y (2729) chess.com INT 2018}) 14. Bxb7 Rxb7 15. Bxb4 Bxb4 16. Rxa6 Bxe1 17. Qxe1 Qd5 $146 18. Qc3 Ne4 19. Qc6 Qf5 20. Ra2 Ra7 21. Rac2 b4 22. Kg2 Rfa8 23. f3 Nf6 24. e4 Qg5 25. Qc5 Qe3 26. Qxb4 Ra2 27. Qd2 Qxb3 28. Nc3 Rxc2 29. Qxc2 Qc4 30. Ne2 Qa6 31. Kf2 Ne8 32. Ke3 Rb8 33. Qc3 h6 34. Nf4 Nd6 35. Nd3 Nb5 36. Ra1 Qd6 37. Qc5 Rd8 38. Ra4 Qxc5 39. Nxc5 Kf8 40. Rb4 Nd6 41. Nd3 Ra8 42. h4 Ke7 43. h5 f6 44. g4 Ra3 45. f4 f5 46. gxf5 exf5 47. e5 Ne4 48. Rb7 Kd7 49. Rb8 c5 50. Ke2 cxd4 51. Rb7+ Ke6 52. Rxg7 Nc3+ 53. Kf3 Ne4 54. Ke2 Ra2+ 55. Ke1 $1 Ra1+ $11 (55... Rh2 $1 $15 56. Nb4 (56. Rg6+ $2 Kd5 $19) 56... Rxh5 57. Rg6+ Kf7) 56. Ke2 Ra2+ 57. Ke1 Ra1+ 1/2-1/2

[Event "21st Dubai Open 2019"]
[Site "Dubai"]
[Date "2019.04.07"]
[Round "7.38"]
[White "Loay, Sameer"]
[Black "Ranaldi, Lucas"]
[Result "1/2-1/2"]
[ECO "A05"]
[WhiteElo "2073"]
[BlackElo "2275"]
[Annotator "NA"]
[PlyCount "117"]
[EventDate "2019.04.01"]
[EventType "swiss"]
[EventCountry "UAE"]
[SourceTitle "playchess.com"]
[Source "ChessBase"]
[SourceQuality "1"]
[TimeControl "5400+30"]

1. Nf3 Nf6 2. g3 b6 3. Bg2 Bb7 4. O-O c5 5. d3 d5 6. Nbd2 e6 7. e4 Be7 8. Re1 Nc6 9. exd5 Nxd5 10. Nc4 O-O 11. Nfe5 Nxe5 12. Nxe5 Qc7 13. Qe2 Rac8 14. h4 Nf6 15. Bxb7 Qxb7 16. a4 a6 17. Bd2 Rfd8 18. Qf3 Qxf3 19. Nxf3 Nd5 20. c3 Bf6 21. Bg5 Bxg5 22. hxg5 Ne7 23. d4 cxd4 24. Nxd4 Rd5 25. Nf3 Rcd8 26. Kg2 Nc6 27. Re4 Rf5 28. Rc4 Ne7 29. Rc7 Ng6 30. Ra7 a5 31. Rb7 Rd6 32. Re1 h6 33. gxh6 gxh6 34. Re4 e5 35. Re2 h5 36. Nd2 Rc6 37. Ne4 h4 38. Rd2 Kg7 39. Rdd7 Nf8 40. Nd6 h3+ 41. Kxh3 Rh5+ 42. Kg4 Nxd7 43. Rxd7 Rh7 44. Kf5 Rh5+ 45. Kg4 Kg6 46. Nxf7 Rf6 47. Nd6 Rg5+ 48. Kh3 Rxf2 49. Ne4 Rh5+ 50. Kg4 Rfh2 51. Rd6+ Kf7 52. Rxb6 Rh8 53. Ng5+ Kg7 54. Rb7+ Kf6 55. Rb6+ Kg7 56. Rb7+ Kf6 57. Rb6+ Kg7 58. Rb7+ Kf6 59. Rb6+ 1/2-1/2

[Event "21st Dubai Open 2019"]
[Site "Dubai"]
[Date "2019.04.08"]
[Round "8.10"]
[White "Pichot, Alan"]
[Black "Nguyen, Anh Khoi"]
[Result "1-0"]
[ECO "B50"]
[WhiteElo "2566"]
[BlackElo "2481"]
[Annotator "RC"]
[PlyCount "93"]
[EventDate "2019.04.01"]
[EventType "swiss"]
[EventCountry "UAE"]
[SourceTitle "playchess.com"]
[Source "ChessBase"]
[SourceQuality "1"]
[TimeControl "5400+30"]

1. e4 c5 2. Nf3 d6 3. c3 Nf6 4. h3 Nbd7 5. Bd3 b6 6. O-O Bb7 7. Re1 Qc7 8. Bc2 Rc8 9. a4 a6 10. Na3 e6 11. d3 Be7 12. Bf4 O-O 13. d4 cxd4 14. cxd4 Qb8 15. Nb1 e5 16. Bh2 Rfe8 17. d5 a5 18. Nc3 Nc5 19. Rb1 Nfd7 20. Qd2 Ba6 21. b4 axb4 22. Rxb4 Rc7 23. Reb1 Rec8 24. Ne1 Nb7 25. Nb5 Bxb5 26. Rxb5 Qa8 27. Bg3 Na5 28. Bd1 Nc4 29. Qa2 Bg5 30. Nf3 Bh6 31. Bh4 f6 32. Be2 Na5 33. Ne1 Nc4 34. Rd1 Ra7 35. Rb4 b5 36. Bg4 Ncb6 37. Rxb5 Rxa4 38. Qe2 Ra1 39. Rbb1 Rxb1 40. Rxb1 Kh8 41. Nd3 Qa6 42. Nxe5 Qxe2 43. Nf7+ Kg8 44. Nxh6+ gxh6 45. Bxe2 Na4 46. Bg4 Nac5 47. Bg3 1-0

[Event "21st Dubai Open 2019"]
[Site "Dubai"]
[Date "2019.04.08"]
[Round "8.15"]
[White "Bharath Subramaniyam H"]
[Black "Vokhidov, Shamsiddin"]
[Result "0-1"]
[ECO "B22"]
[WhiteElo "2301"]
[BlackElo "2494"]
[Annotator "ChessBase"]
[PlyCount "92"]
[EventDate "2019.04.01"]
[EventType "swiss"]
[EventCountry "UAE"]
[SourceTitle "playchess.com"]
[Source "ChessBase"]
[SourceQuality "1"]
[TimeControl "5400+30"]

1. e4 c5 2. c3 Nf6 3. e5 Nd5 4. Nf3 d6 5. Bc4 Nb6 6. Bb5+ Bd7 7. Qe2 Bxb5 8. Qxb5+ Qd7 9. Qxd7+ N8xd7 10. exd6 e6 11. d4 Bxd6 12. O-O f6 13. Nbd2 Kf7 14. Ne4 Be7 15. b3 c4 16. Bf4 Nd5 17. Bg3 b5 18. bxc4 bxc4 19. Rfe1 Rhc8 20. a4 a5 21. Reb1 Ra7 22. Rb5 h6 23. Rc1 Rc6 24. Nfd2 f5 25. Nc5 Bxc5 26. dxc5 f4 27. Ne4 fxg3 28. fxg3 Ke7 29. Rd1 Nc7 30. Rd6 Rca6 31. c6 Nxb5 32. axb5 Rb6 33. cxd7 Rxd6 34. Nxd6 Kxd7 35. Nxc4 a4 36. b6 Ra6 37. Ne5+ Kc8 38. Kf2 a3 39. Nd3 a2 40. Nb4 a1=Q 41. Nxa6 Qxa6 42. b7+ Kxb7 43. Ke3 Qc4 44. Kd2 e5 45. Kc2 e4 46. Kd2 Qd3+ 0-1

[Event "21st Dubai Open 2019"]
[Site "Dubai"]
[Date "2019.04.08"]
[Round "8.16"]
[White "Pranav Vijay"]
[Black "Darini, Pouria"]
[Result "1/2-1/2"]
[ECO "B51"]
[WhiteElo "2265"]
[BlackElo "2455"]
[Annotator "ChessBase"]
[PlyCount "218"]
[EventDate "2019.04.01"]
[EventType "swiss"]
[EventCountry "UAE"]
[SourceTitle "playchess.com"]
[Source "ChessBase"]
[SourceQuality "1"]
[TimeControl "5400+30"]

1. e4 c5 2. Nf3 d6 3. Bb5+ Nd7 4. d4 cxd4 5. Qxd4 a6 6. Bxd7+ Bxd7 7. Nc3 e5 8. Qd3 h6 9. Nd2 Rc8 10. Nc4 Be6 11. Ne3 Nf6 12. O-O Qc7 13. Rd1 Be7 14. Bd2 O-O 15. b3 Qc5 16. Be1 Rfe8 17. a4 Bf8 18. Rac1 Be7 19. Qe2 Bd8 20. Rb1 Bb6 21. Ncd5 Nxd5 22. exd5 Bd7 23. Nc4 Ba7 24. Bd2 Qc7 25. Be3 Bxe3 26. Qxe3 Bf5 27. Rbc1 Qe7 28. Qb6 Red8 29. Ne3 Bg6 30. c4 Qc7 31. a5 f5 32. f4 exf4 33. Nc2 Qc5+ 34. Nd4 Bh5 35. Rd2 Re8 36. Qxc5 dxc5 37. Nxf5 Re5 38. Nd6 Rc7 39. Rb1 g5 40. b4 Bg6 41. Rbb2 g4 42. g3 f3 43. Kf2 Rh5 44. h4 gxh3 45. Kxf3 cxb4 46. g4 Re5 47. Rxb4 Rd7 48. Rb6 h5 49. gxh5 Rxh5 50. Kg3 Rg5+ 51. Kh2 Re7 52. Rxb7 Re1 53. c5 Bh5 54. Rf2 Rxd5 55. Nf5 Kh8 56. c6 Rc5 57. Ne7 Re2 58. Rxe2 Bxe2 59. Kxh3 Bf3 60. Kg3 Bxc6 61. Rc7 Rxa5 62. Rxc6 Kg7 63. Kf4 Kf7 64. Nf5 Ra1 65. Ng3 Ke7 66. Ne4 Kd7 67. Rh6 Ra5 68. Ke3 Ra1 69. Kd4 Rd1+ 70. Ke5 a5 71. Nc3 Re1+ 72. Kd5 Re3 73. Nb5 a4 74. Nd4 a3 75. Ra6 Ke8 76. Nf5 Re1 77. Rxa3 Kf7 78. Nd6+ Kf6 79. Rf3+ Kg6 80. Nc4 Kg5 81. Ne5 Ra1 82. Rg3+ Kf5 83. Rf3+ Kg5 84. Nc4 Re1 85. Ne3 Ra1 86. Ke5 Ra5+ 87. Nd5 Kg4 88. Rf8 Ra3 89. Nf6+ Kf3 90. Rg8 Ra5+ 91. Nd5 Ra4 92. Rf8+ Kg3 93. Ne3 Ra5+ 94. Nd5 Ra4 95. Nc3 Ra5+ 96. Ke4 Kg4 97. Rg8+ Rg5 98. Ra8 Rc5 99. Kd4 Rc7 100. Nd5 Rc1 101. Rg8+ Kf5 102. Rf8+ Ke6 103. Rf6+ Kd7 104. Nc3 Ke7 105. Ra6 Kd7 106. Ne4 Rd1+ 107. Ke5 Re1 108. Rd6+ Kc7 109. Kd5 Re2 1/2-1/2

[Event "21st Dubai Open 2019"]
[Site "Dubai"]
[Date "2019.04.08"]
[Round "8.17"]
[White "Abelgas, Roel"]
[Black "Haug, Johannes"]
[Result "0-1"]
[ECO "E11"]
[WhiteElo "2256"]
[BlackElo "2424"]
[Annotator "NA"]
[PlyCount "96"]
[EventDate "2019.04.01"]
[EventType "swiss"]
[EventCountry "UAE"]
[SourceTitle "playchess.com"]
[Source "ChessBase"]
[SourceQuality "1"]
[TimeControl "5400+30"]

1. d4 Nf6 2. c4 e6 3. Nf3 Bb4+ 4. Nbd2 O-O 5. g3 d5 6. Qb3 {[%emt 0:00:52] E01: Catalan: Early deviations} (6. Bg2 b6 7. O-O Bb7 8. b3 c5 9. Bb2 Nc6 10. cxd5 Nxd5 11. dxc5 Bxc5 12. a3 Be7 13. b4 Bf6 14. Qb3 a5 15. e4 Nc7 16. Bxf6 Qxf6 17. b5 Ne5 18. Nxe5 Qxe5 19. a4 Rfd8 {1-0 (43) Harikrishna,P (2744)-Le,Q (2737) Huaian 2017}) 6... Be7 7. Bg2 b6 8. O-O Bb7 9. Qa4 $146 ({Predecessor:} 9. cxd5 exd5 10. Ne5 Nbd7 11. Ndf3 c6 12. a4 Nxe5 13. Nxe5 Nd7 {1-0 (60) Goglidze,V-Gamrekeil,G Georgia 1955}) 9... Nbd7 10. Ne5 Nxe5 11. dxe5 Nd7 12. cxd5 Bxd5 13. Bxd5 exd5 14. Nf3 f6 15. Nd4 fxe5 16. Nc6 {[%emt 0:00:18] [#]} Qe8 $1 17. Rd1 Bc5 18. e3 Nf6 19. Bd2 Bd6 20. Rac1 Qh5 21. Be1 Qh3 22. Qb5 (22. Qh4 {is a better defense.} Qf5 23. Qa4) 22... Rf7 23. Qf1 Qh5 24. Qg2 a5 25. Rxd5 Nxd5 26. Qxd5 Raf8 27. f4 Qe2 28. Bf2 Qxb2 29. Re1 Qc3 $19 30. f5 e4 31. Nd4 Qc5 32. Qxe4 Rxf5 33. Re2 Qe5 34. Qd3 R5f6 35. Nc6 Qe8 36. Qc4+ Qf7 37. Qc2 Bc5 38. Ne5 Qe6 39. Nd3 Qe4 40. Nxc5 Qxc2 41. Rxc2 bxc5 42. e4 Rc6 43. Rc4 Rb8 44. Be1 Rb1 45. Kf1 a4 46. Rc2 a3 47. Rc3 c4 48. h4 Kf7 0-1

[Event "21st Dubai Open 2019"]
[Site "Dubai"]
[Date "2019.04.08"]
[Round "8.18"]
[White "Dimakiling, Oliver"]
[Black "Raghunandan, Kaumandur Srihari"]
[Result "1/2-1/2"]
[ECO "A20"]
[WhiteElo "2404"]
[BlackElo "2370"]
[Annotator "NA"]
[PlyCount "84"]
[EventDate "2019.04.01"]
[EventType "swiss"]
[EventCountry "UAE"]
[SourceTitle "playchess.com"]
[Source "ChessBase"]
[SourceQuality "1"]
[TimeControl "5400+30"]

1. c4 e5 2. g3 c6 3. Bg2 d5 4. cxd5 cxd5 5. d4 e4 6. f3 {[%emt 0:00:24] A20: English Opening: 1...e5} Nf6 7. Nc3 Bb4 8. Bg5 O-O 9. fxe4 dxe4 10. Bxf6 $146 ({Predecessor:} 10. e3 h6 11. Bxf6 Qxf6 {½-½ (30) Damljanovic,B (2573)-Komarov,D (2530) Le Port Marly 2009}) 10... Qxf6 11. Bxe4 Nc6 12. a3 Ba5 13. Nf3 Bh3 14. b4 Bg2 15. Nd5 Qd6 16. Rg1 f5 17. Bc2 Bxf3 $1 18. exf3 Kh8 19. Bb3 Nxd4 20. bxa5 (20. Qxd4 $2 Bb6 $17 {[%mdl 64] Skewer}) 20... Qc5 21. Kf1 Rad8 22. Ba2 Nc2 23. Rc1 Ne3+ 24. Ke2 Qxa3 25. Qd2 $19 (25. Qb3 $1 $11 Qxb3 26. Bxb3 Nxd5 27. Rgd1) 25... Nxd5 26. Bxd5 Rfe8+ 27. Kf1 Rxd5 28. Qxd5 Qxc1+ 29. Kg2 Re2+ 30. Kh1 Qd2 31. Qxd2 Rxd2 32. Rc1 h6 33. Rc5 a6 34. Rxf5 Rb2 35. Kg1 Kg8 36. h4 g6 37. Rc5 Kf7 38. h5 g5 39. Rc7+ Kg8 40. Kf1 Rb5 41. Ke2 Rxa5 42. Rxb7 Ra3 1/2-1/2

[Event "21st Dubai Open 2019"]
[Site "Dubai"]
[Date "2019.04.08"]
[Round "8.19"]
[White "Mulenga, Prince Daniel"]
[Black "Dhulipalla Bala Chandra Prasa"]
[Result "1/2-1/2"]
[ECO "D31"]
[WhiteElo "2252"]
[BlackElo "2384"]
[Annotator "NA"]
[PlyCount "91"]
[EventDate "2019.04.01"]
[EventType "swiss"]
[EventCountry "UAE"]
[SourceTitle "playchess.com"]
[Source "ChessBase"]
[SourceQuality "1"]
[TimeControl "5400+30"]

1. d4 d5 2. c4 e6 3. Nc3 a6 4. e4 dxe4 5. Nxe4 Bb4+ 6. Nc3 c5 7. Nf3 Nf6 8. Be2 Nc6 9. Be3 Ng4 10. a3 Nxe3 11. fxe3 Ba5 12. Rc1 cxd4 13. exd4 Bc7 14. b4 O-O 15. Qd2 Qf6 $14 16. g3 b6 17. O-O Bb7 18. d5 Rad8 19. Qe3 Ne5 20. Rcd1 Ng4 21. Qc1 exd5 22. Nxd5 Bxd5 23. cxd5 Qe7 24. Bxa6 b5 25. Bxb5 Bb6+ 26. Kh1 Rd6 27. Rde1 Be3 28. Bc6 Rh6 29. Rxe3 Qxe3 30. Qxe3 Nxe3 31. Re1 Nc2 32. Rc1 Ne3 33. Rc3 Nf5 34. g4 Ne7 35. b5 Rd6 36. a4 Nxd5 37. Rd3 Rfd8 38. a5 Nb4 39. Rxd6 Rxd6 40. Bb7 Kf8 41. a6 Rd1+ 42. Kg2 Ra1 43. Ne5 Ke8 44. Kf3 f6 45. Nc4 Kd7 46. Ke4 1/2-1/2

[Event "21st Dubai Open 2019"]
[Site "Dubai"]
[Date "2019.04.08"]
[Round "8.22"]
[White "Chanda, Sandipan"]
[Black "Priyanka Nutakki"]
[Result "1-0"]
[ECO "D05"]
[WhiteElo "2521"]
[BlackElo "2313"]
[Annotator "ChessBase"]
[PlyCount "83"]
[EventDate "2019.04.01"]
[EventType "swiss"]
[EventCountry "UAE"]
[SourceTitle "playchess.com"]
[Source "ChessBase"]
[SourceQuality "1"]
[TimeControl "5400+30"]

1. d4 d5 2. Nf3 Nf6 3. e3 e6 4. Nbd2 c5 5. a3 Nc6 6. dxc5 Bxc5 7. b4 Bd6 8. c4 O-O 9. Bb2 b6 10. cxd5 exd5 11. Bb5 Bb7 12. Rc1 Nb8 13. Nd4 a6 14. Ba4 b5 15. Bc2 Nbd7 16. f4 Re8 17. Qf3 Bf8 18. O-O Nb6 19. Qg3 Rc8 20. Nf5 g6 21. Qg5 Nh5 22. Nh6+ Bxh6 23. Qxh6 Qe7 24. Bd4 Nc4 25. g4 Nxd2 26. gxh5 Qf8 27. Qg5 Qe7 28. Qg2 Nxf1 29. Rxf1 Rc4 30. hxg6 fxg6 31. f5 Rxc2 32. Qxc2 Qg5+ 33. Kh1 Qg4 34. Rf4 Qh5 35. Qc7 Qd1+ 36. Kg2 Qe2+ 37. Kg3 Rxe3+ 38. Bxe3 Qxe3+ 39. Kh4 Qe1+ 40. Kg5 Qg1+ 41. Kf6 Qa1+ 42. Qe5 1-0

[Event "21st Dubai Open 2019"]
[Site "Dubai"]
[Date "2019.04.08"]
[Round "8.27"]
[White "Blagojevic, Tijana"]
[Black "Shyaamnikhil P"]
[Result "0-1"]
[ECO "B51"]
[WhiteElo "2216"]
[BlackElo "2429"]
[Annotator "ChessBase"]
[PlyCount "76"]
[EventDate "2019.04.01"]
[EventType "swiss"]
[EventCountry "UAE"]
[SourceTitle "playchess.com"]
[Source "ChessBase"]
[SourceQuality "1"]
[TimeControl "5400+30"]

1. e4 c5 2. Nf3 d6 3. Bb5+ Nd7 4. O-O a6 5. Bd3 g6 6. c3 Qc7 7. Bc2 Bg7 8. d4 Ngf6 9. Re1 O-O 10. h3 e5 11. dxe5 dxe5 12. c4 b5 13. Nc3 bxc4 14. Nd2 Nb6 15. Qe2 Be6 16. Na4 Nxa4 17. Bxa4 Qa5 18. b3 Nh5 19. Nf3 Nf4 20. Bxf4 exf4 21. e5 Rad8 22. Ng5 Rd2 23. Qe4 Bd5 24. Qxf4 Rxa2 25. Ne4 Bxe4 26. Qxe4 cxb3 27. Rxa2 bxa2 28. Ra1 Bxe5 29. Rxa2 Bd4 30. Bb3 Qb4 31. Bd5 a5 32. Qe7 a4 33. g3 Bb2 34. h4 a3 35. h5 Qd4 36. Qd6 Qd1+ 37. Kg2 Qxh5 38. Bf3 Qg5 0-1

[Event "21st Dubai Open 2019"]
[Site "Dubai"]
[Date "2019.04.08"]
[Round "8.28"]
[White "Concio, Michael Jr."]
[Black "Tokhirjonova, Gulrukhbegim"]
[Result "0-1"]
[ECO "A25"]
[WhiteElo "2071"]
[BlackElo "2427"]
[Annotator "NA"]
[PlyCount "100"]
[EventDate "2019.04.01"]
[EventType "swiss"]
[EventCountry "UAE"]
[SourceTitle "playchess.com"]
[Source "ChessBase"]
[SourceQuality "1"]
[TimeControl "5400+30"]

1. c4 e5 2. Nc3 Nc6 3. g3 Nf6 4. Bg2 Bc5 5. e3 a6 6. Nge2 {[%emt 0:01:55] A25: English Opening vs King's Indian with ...Nc6 but without early d3} d6 7. O-O (7. d4 exd4 8. exd4 Ba7 9. O-O h6 10. h3 O-O 11. Be3 Ne7 12. g4 Ng6 13. Ng3 Re8 {0-1 (24) Matlakov,M (2689)-Vitiugov,N (2725) Berlin 2015}) 7... h5 8. d4 Ba7 9. h4 Bg4 10. f3 Bd7 11. Kh2 Nh7 $146 ({Predecessor:} 11... O-O 12. a3 Ne7 13. Qd3 {0-1 (51) Guerra Reig,J (2009)-Lorenzo de la Riva,L (2352) Balaguer 2016}) 12. d5 Ne7 13. f4 Nf6 14. Bf3 Ng6 15. Kg2 Bg4 16. Qa4+ Kf8 17. Ng1 Qc8 18. Qd1 exf4 19. exf4 Ne7 20. Re1 Nf5 21. Ne4 Bxg1 22. Nxf6 gxf6 23. Bxg4 hxg4 24. Rxg1 c5 25. b3 b5 26. Qd3 Rb8 27. Rb1 Kg7 28. cxb5 axb5 29. Bb2 Re8 $15 (29... Ne7 $17) 30. Rge1 Qd7 31. Rbd1 b4 32. Re2 Ra8 33. Rde1 Rxe2+ 34. Rxe2 Ne7 35. Qe4 Ra7 36. Kh2 Qf5 37. Qxf5 Nxf5 38. Kg2 Kg6 39. h5+ Kxh5 40. Bxf6 Kg6 41. Ba1 Re7 42. Rxe7 Nxe7 43. Kf2 Nxd5 44. Ke2 Ne7 45. Bb2 Kf5 46. Ke3 Ke6 47. a4 bxa3 48. Bxa3 Nf5+ 49. Kd3 Kd5 50. b4 c4+ {[%emt 0:00:08] Kd4+ Ke5+} 0-1

[Event "21st Dubai Open 2019"]
[Site "Dubai"]
[Date "2019.04.08"]
[Round "8.29"]
[White "Saif, Malek"]
[Black "Sundararajan, Kidambi"]
[Result "0-1"]
[ECO "C41"]
[WhiteElo "2019"]
[BlackElo "2413"]
[Annotator "NA"]
[PlyCount "96"]
[EventDate "2019.04.01"]
[EventType "swiss"]
[EventCountry "UAE"]
[SourceTitle "playchess.com"]
[Source "ChessBase"]
[SourceQuality "1"]
[TimeControl "5400+30"]

1. e4 e5 2. Nf3 d6 3. Bc4 Be7 4. O-O Nf6 5. d3 O-O 6. Re1 c6 7. c3 {[%emt 0:00:26] C24: Bishop's Opening: 2...Nf6} Nbd7 8. Nbd2 b5 9. Bb3 a5 10. Nf1 a4 11. Bc2 Re8 {[%emt 0:01:28] LiveBook: 4 Games} 12. d4 Qc7 (12... Bf8 13. Ng3 g6 14. h3 Bb7 15. Bg5 h6 16. Be3 {½-½ (55) Zhigalko,S (2652)-Nisipeanu,L (2687) Baku 2016}) 13. Bg5 h6 14. Bh4 Nf8 $146 ({Predecessor:} 14... Bf8 15. Bd3 g6 16. Qc2 Bg7 {0-1 (41) Khamisi,S (2279)-Mosadeghpour,M (2475) Teheran 2016}) 15. Bg3 Ng6 16. Ne3 Bf8 17. Rc1 Be6 18. d5 Bd7 19. Nh4 c5 20. Nhf5 Ne7 21. Qf3 Nxf5 22. Nxf5 Bxf5 23. Qxf5 Qd7 24. Qf3 Qg4 25. Qd3 c4 26. Qf1 Rec8 27. a3 Re8 28. Re3 $11 Be7 29. h3 Qg6 30. Rce1 Nxd5 31. R3e2 Nf6 32. Bh2 Nd7 33. f4 Bd8 34. Rd1 Bb6+ 35. Kh1 Bc5 36. fxe5 Nxe5 37. Rd5 Nd3 38. Bxd3 cxd3 39. Rxd3 Rxe4 40. Rxe4 Qxe4 41. Bxd6 Rd8 42. Qd1 Qg6 43. c4 bxc4 44. Rd5 Rxd6 45. Qxa4 Qb1+ 46. Kh2 Qg1+ 47. Kg3 Rg6+ 48. Kf4 Qe3+ 0-1

[Event "21st Dubai Open 2019"]
[Site "Dubai"]
[Date "2019.04.08"]
[Round "8.30"]
[White "Nitin, S.."]
[Black "Aaryan, Varshney"]
[Result "1-0"]
[ECO "B53"]
[WhiteElo "2400"]
[BlackElo "2199"]
[Annotator "NA"]
[PlyCount "119"]
[EventDate "2019.04.01"]
[EventType "swiss"]
[EventCountry "UAE"]
[SourceTitle "playchess.com"]
[Source "ChessBase"]
[SourceQuality "1"]
[TimeControl "5400+30"]

1. e4 c5 2. Nf3 d6 3. d4 cxd4 4. Qxd4 Nc6 5. Qe3 g6 6. Be2 {[%emt 0:00:25] B53: Sicilian: 2...d6: Lines with Qxd4} Bg7 7. O-O Nf6 8. h3 O-O (8... Nd7 9. Nc3 O-O 10. Rb1 a6 11. Bd2 b5 12. Nd5 e6 {1-0 (57) Harikrishna,P (2733)-Korobov,A (2694) Czech Republic 2019}) 9. Rd1 Nd7 10. Nc3 b6 11. b3 Bb7 12. Bb2 Rc8 13. Rd2 $146 a6 14. Nd1 b5 15. Bxg7 Kxg7 16. c4 bxc4 17. Bxc4 Qb6 18. Bd5 Qxe3 19. Nxe3 Nf6 20. Nd4 Nxd5 21. exd5 Nxd4 22. Rxd4 Rc5 23. b4 Rc3 24. a4 Rfc8 25. Rb1 f5 26. Kh2 Kf6 27. Re1 Ra3 (27... h5 $17) 28. g4 Rcc3 29. gxf5 $11 gxf5 30. Rh4 Bc8 31. a5 Rab3 32. Rg1 h5 33. Rxh5 Rxb4 34. Rh6+ Ke5 35. Rg7 Rc7 36. Rh5 Rf4 37. Kg3 Ra4 38. Rf7 Rxa5 39. Nxf5 Bxf5 40. Rhxf5+ Kd4 41. h4 Rxd5 42. Rxd5+ Kxd5 43. h5 Ke6 44. Rf4 Rc8 45. Kh4 Ke5 46. Rf7 Ke6 47. Rf3 Rc1 48. h6 Rh1+ 49. Kg5 Rg1+ 50. Kh5 Rh1+ 51. Kg6 Ke5 52. h7 e6 53. Kg7 Kd4 54. Rf6 Rxh7+ 55. Kxh7 Kd5 56. Kg6 a5 57. Kf7 a4 58. Rf4 e5 59. Rxa4 Kc5 60. Ke6 {[%emt 0:00:05] Kd5+} 1-0

[Event "21st Dubai Open 2019"]
[Site "Dubai"]
[Date "2019.04.08"]
[Round "8.31"]
[White "Essa, Naseem Ahmed"]
[Black "Hedman, Erik"]
[Result "0-1"]
[ECO "B13"]
[WhiteElo "1823"]
[BlackElo "2385"]
[Annotator "NA"]
[PlyCount "42"]
[EventDate "2019.04.01"]
[EventType "swiss"]
[EventCountry "UAE"]
[SourceTitle "playchess.com"]
[Source "ChessBase"]
[SourceQuality "1"]
[TimeControl "5400+30"]

1. e4 c6 2. d4 d5 3. exd5 cxd5 4. Bd3 Nc6 5. c3 Qc7 6. Ne2 Bg4 7. O-O e6 8. Qe1 Bxe2 9. Qxe2 Nf6 10. Nd2 Bd6 11. Nf3 O-O 12. Bg5 Nd7 13. Qc2 h6 14. Bd2 Rab8 $14 15. Qc1 Nf6 16. Bxh6 Ng4 17. Bxg7 Bxh2+ 18. Kh1 Bf4 19. Be5 Qxe5 20. dxe5 Bxc1 21. Raxc1 Ncxe5 0-1

[Event "21st Dubai Open 2019"]
[Site "Dubai"]
[Date "2019.04.08"]
[Round "8.32"]
[White "Saurabh Anand"]
[Black "Chekh Adm Khedr, Aram"]
[Result "1/2-1/2"]
[ECO "C45"]
[WhiteElo "2385"]
[BlackElo "2146"]
[Annotator "NA"]
[PlyCount "66"]
[EventDate "2019.04.01"]
[EventType "swiss"]
[EventCountry "UAE"]
[SourceTitle "playchess.com"]
[Source "ChessBase"]
[SourceQuality "1"]
[TimeControl "5400+30"]

1. e4 e5 2. Nf3 Nc6 3. d4 exd4 4. Nxd4 Nf6 5. Nxc6 bxc6 6. e5 Qe7 7. Qe2 Nd5 8. c4 Ba6 9. Nd2 g6 10. Nf3 {[%emt 0:02:23] C45: Scotch Game} Bg7 (10... Qb4+ 11. Kd1 Ne7 12. Bg5 Bg7 13. Qd2 c5 14. Qxb4 cxb4 15. Bd3 h6 16. Bxe7 Kxe7 17. Re1 Rhe8 {1-0 (52) Huschenbeth,N (2586)-Anton Guijarro,D (2649) Germany 2019}) 11. Bg5 Qb4+ 12. Qd2 Qxd2+ 13. Kxd2 Nb6 14. c5 Bxf1 15. Rhxf1 Nd5 16. Rac1 Rb8 17. b3 O-O 18. Rc4 $146 Rfe8 19. Re1 a5 20. Re2 h6 21. Bh4 Rb4 22. Bg3 Reb8 $15 23. Ree4 Re8 24. Re2 Reb8 25. Ree4 Re8 26. Re2 Reb8 27. Bh4 Re8 28. Bg3 Reb8 29. Ree4 Re8 30. Re2 Reb8 31. Ree4 Re8 32. Re2 Rxc4 33. bxc4 Nb4 1/2-1/2

[Event "21st Dubai Open 2019"]
[Site "Dubai"]
[Date "2019.04.08"]
[Round "8.33"]
[White "Assaubayeva, Bibisara"]
[Black "Sri Sai Baswanth P"]
[Result "1-0"]
[ECO "A61"]
[WhiteElo "2381"]
[BlackElo "2018"]
[Annotator "NA"]
[PlyCount "105"]
[EventDate "2019.04.01"]
[EventType "swiss"]
[EventCountry "UAE"]
[SourceTitle "playchess.com"]
[Source "ChessBase"]
[SourceQuality "1"]
[TimeControl "5400+30"]

1. d4 Nf6 2. c4 c5 3. d5 e6 4. Nc3 exd5 5. cxd5 d6 6. Nf3 g6 7. Bf4 a6 8. a4 Bg7 9. h3 O-O 10. e3 Ne8 {[%emt 0:05:50] A61: Modern Benoni: Nf3 without early e4} (10... Qe7 11. Bd3 Nbd7 12. O-O Ne8 13. e4 Rb8 14. Re1 Nc7 15. Qd2 Ne5 16. Nxe5 Bxe5 17. Bxe5 Qxe5 18. a5 {1-0 (42) Akobian,V (2647)-Ponkratov,P (2613) Riadh 2017}) 11. Be2 Nd7 12. O-O Ne5 13. Nd2 f5 14. Bh2 Bd7 15. a5 $146 ({Predecessor:} 15. f4 Nf7 16. e4 fxe4 17. Ndxe4 Nc7 18. Bg4 {½-½ (85) Muradli,M (2334)-Tutisani,N (2383) Batumi 2017}) 15... Bb5 16. Qb3 Bxe2 17. Nxe2 Rb8 18. Bxe5 Bxe5 19. Nc4 Qe7 $14 20. Rad1 Nc7 21. Nc3 Rfe8 22. Rfe1 h6 23. Nxe5 Qxe5 24. f4 Qf6 25. e4 fxe4 26. Nxe4 Qxf4 27. Qd3 Nb5 28. Re3 Kg7 29. Kh1 Rf8 30. Rg3 Qf5 31. Rf3 Qe5 32. Rg3 Rf5 33. Re3 Qxb2 34. Ng3 Re5 35. Rf3 Nd4 36. Rf4 Ne2 37. Rf2 Rbe8 38. Rdf1 R8e7 39. Rf6 Nxg3+ 40. Qxg3 Rg5 41. Qf3 Qe5 42. Re6 Rf5 43. Rxe5 Rexe5 44. Qd1 Rxd5 45. Qa1+ Kh7 46. g4 Rxf1+ 47. Qxf1 Kg7 48. Qf3 Rd4 49. Qxb7+ Kf6 50. Qxa6 c4 51. Qc6 Kg5 52. a6 Kh4 53. a7 1-0